[Event "FIDE Womens Grand Swiss 2023"]
[Site "Douglas/Isle of Man"]
[Date "2023.10.27"]
[Round "3.9"]
[White "Shuvalova, Polina"]
[Black "Narva, Mai"]
[Result "1-0"]
[ECO "B40"]
[WhiteElo "2506"]
[BlackElo "2399"]
[Annotator "ChessBase"]
[PlyCount "83"]
[EventDate "2023.10.04"]
[EventType "swiss"]
[EventCountry "GBR"]
[SourceTitle "playchess.com"]
[Source "ChessBase"]
[SourceQuality "1"]
[TimeControl "40/6000+30:20/3000+30:900+30"]

1. e4 c5 2. Nf3 e6 3. c3 d5 4. e5 d4 5. d3 Nc6 6. g3 Nge7 7. Bg2 Ng6 8. Qe2 Qc7 9. Na3 Bd7 10. Nc4 b5 11. Ncd2 Rc8 12. cxd4 cxd4 13. O-O Be7 14. Re1 O-O 15. h4 f6 16. exf6 gxf6 17. h5 Nh8 18. Nxd4 Nxd4 19. Qg4+ Kf7 20. Qxd4 Bc5 21. Qh4 Rg8 22. d4 Be7 23. Nb3 a5 24. Qe4 f5 25. Qd3 Qc4 26. Qe3 Bg5 27. Qe5 Bf6 28. Qd6 Qc7 29. Qa6 Bc6 30. Bf4 Qxf4 31. Bxc6 Qc7 32. Rac1 Qe7 33. Bd5 Rxc1 34. Bxe6+ Kg7 35. Rxc1 Rd8 36. Bxf5 Nf7 37. Qxa5 Bxd4 38. Nxd4 Rxd4 39. Rc7 Rd1+ 40. Kg2 Qd6 41. Qc3+ Kf8 42. Rd7 1-0

[Event "FIDE Womens Grand Swiss 2023"]
[Site "Douglas/Isle of Man"]
[Date "2023.10.27"]
[Round "3.10"]
[White "Milliet, Sophie"]
[Black "Dronavalli, Harika"]
[Result "1/2-1/2"]
[ECO "C02"]
[WhiteElo "2391"]
[BlackElo "2502"]
[Annotator "ChessBase"]
[PlyCount "88"]
[EventDate "2023.10.04"]
[EventType "swiss"]
[EventCountry "GBR"]
[SourceTitle "playchess.com"]
[Source "ChessBase"]
[SourceQuality "1"]
[TimeControl "40/6000+30:20/3000+30:900+30"]

1. e4 e6 2. d4 d5 3. e5 c5 4. c3 Nc6 5. Nf3 Bd7 6. Be2 Nge7 7. O-O Nf5 8. dxc5 a5 9. Bg5 Be7 10. Bxe7 Qxe7 11. Bd3 Qxc5 12. Bxf5 exf5 13. Na3 O-O 14. Nc2 Rfe8 15. Re1 Re7 16. Ncd4 Rae8 17. Nxc6 bxc6 18. Qd2 Qb6 19. Re2 Bc8 20. Qf4 h6 21. h4 c5 22. h5 Qb5 23. Rae1 Qc4 24. g3 Qxf4 25. gxf4 Be6 26. Rd1 Rb7 27. a3 Reb8 28. Rdd2 Kf8 29. Ne1 Rc7 30. Ng2 Rd7 31. Re1 Rdb7 32. Ree2 Rd7 33. Re1 Ke8 34. Kh2 a4 35. Re3 Rdb7 36. Ree2 Rd7 37. Re3 Rdb7 38. Ree2 Rd8 39. Re1 Kf8 40. Re3 Rdb8 41. Ree2 Rd7 42. Re1 Rb3 43. Re3 Rb8 44. Re1 Rdb7 1/2-1/2

[Event "FIDE Womens Grand Swiss 2023"]
[Site "Douglas/Isle of Man"]
[Date "2023.10.27"]
[Round "3.11"]
[White "Hoang, Thanh Trang"]
[Black "Batsiashvili, Nino"]
[Result "1/2-1/2"]
[ECO "A43"]
[WhiteElo "2398"]
[BlackElo "2475"]
[Annotator "ChessBase"]
[PlyCount "75"]
[EventDate "2023.10.04"]
[EventType "swiss"]
[EventCountry "GBR"]
[SourceTitle "playchess.com"]
[Source "ChessBase"]
[SourceQuality "1"]
[TimeControl "40/6000+30:20/3000+30:900+30"]

1. d4 Nf6 2. Nf3 c5 3. d5 b5 4. c3 b4 5. c4 e6 6. dxe6 dxe6 7. Qxd8+ Kxd8 8. g3 Bb7 9. Bg2 Bd6 10. O-O Ke7 11. b3 a5 12. a4 Nc6 13. Bb2 Rhd8 14. Nbd2 Rd7 15. Ng5 Nd4 16. Bxd4 cxd4 17. Bxb7 Rxb7 18. Nde4 h6 19. Nxf6 hxg5 20. Ne4 g4 21. Rad1 Be5 22. f4 gxf3 23. exf3 f5 24. Nc5 Rc7 25. Nd3 Bf6 26. f4 g5 27. Rfe1 Rd8 28. Re2 gxf4 29. gxf4 Rg8+ 30. Rg2 Rxg2+ 31. Kxg2 Kd6 32. Rg1 Rh7 33. Kh1 Rh6 34. Rg8 Rh3 35. Rg3 Rh6 36. Rg8 Rh3 37. Rg3 Rh6 38. Rg8 1/2-1/2

[Event "FIDE Womens Grand Swiss 2023"]
[Site "Douglas/Isle of Man"]
[Date "2023.10.27"]
[Round "3.12"]
[White "Tsolakidou, Stavroula"]
[Black "Wagner, Dinara"]
[Result "1-0"]
[ECO "B88"]
[WhiteElo "2385"]
[BlackElo "2461"]
[Annotator "ChessBase"]
[PlyCount "43"]
[EventDate "2023.10.04"]
[EventType "swiss"]
[EventCountry "GBR"]
[SourceTitle "playchess.com"]
[Source "ChessBase"]
[SourceQuality "1"]
[TimeControl "40/6000+30:20/3000+30:900+30"]

1. e4 c5 2. Nf3 d6 3. d4 cxd4 4. Nxd4 Nf6 5. Nc3 a6 6. Bc4 e6 7. a4 Be7 8. O-O O-O 9. Be3 Nc6 10. Qe2 Qc7 11. Nxc6 bxc6 12. a5 c5 13. Rfd1 Bb7 14. Bf4 Qc6 15. f3 Rfd8 16. Na4 Nd7 17. Bd5 exd5 18. exd5 Qb5 19. Qxe7 Qxa5 20. c4 Qb4 21. Bxd6 Rac8 22. Bc7 1-0

[Event "FIDE Womens Grand Swiss 2023"]
[Site "Douglas/Isle of Man"]
[Date "2023.10.27"]
[Round "3.13"]
[White "Tania, Sachdev"]
[Black "Efroimski, Marsel"]
[Result "0-1"]
[ECO "D37"]
[WhiteElo "2389"]
[BlackElo "2447"]
[Annotator "ChessBase"]
[PlyCount "92"]
[EventDate "2023.10.04"]
[EventType "swiss"]
[EventCountry "GBR"]
[SourceTitle "playchess.com"]
[Source "ChessBase"]
[SourceQuality "1"]
[TimeControl "40/6000+30:20/3000+30:900+30"]

1. d4 Nf6 2. c4 e6 3. Nf3 d5 4. Nc3 Be7 5. Qc2 c5 6. dxc5 d4 7. Nb5 Bxc5 8. Bf4 O-O 9. O-O-O Qe7 10. Nbxd4 Bxd4 11. Rxd4 Nc6 12. Bd6 Nxd4 13. Bxe7 Nxc2 14. Bxf8 Kxf8 15. Kxc2 Ng4 16. g3 Nxf2 17. Rg1 b6 18. Ne5 Bb7 19. Bg2 Bxg2 20. Rxg2 Ne4 21. b3 Rc8 22. Kb2 Ke7 23. Nd3 g5 24. Rg1 h5 25. Rc1 f6 26. b4 a5 27. bxa5 bxa5 28. Ka3 Kd6 29. Ka4 Nc5+ 30. Kxa5 Ra8+ 31. Kb5 Nxd3 32. exd3 Rxa2 33. c5+ Kd7 34. c6+ Kc7 35. Re1 Rb2+ 36. Ka5 e5 37. Rf1 Kxc6 38. Rxf6+ Kc5 39. Ka4 Rxh2 40. Rf5 g4 41. Rxe5+ Kd4 42. Rf5 Kxd3 43. Kb4 Ke4 44. Rf4+ Ke3 45. Rf5 h4 46. gxh4 g3 0-1

[Event "FIDE Womens Grand Swiss 2023"]
[Site "Douglas/Isle of Man"]
[Date "2023.10.27"]
[Round "3.14"]
[White "Cramling, Pia"]
[Black "Fataliyeva, Ulviyya"]
[Result "0-1"]
[ECO "E05"]
[WhiteElo "2446"]
[BlackElo "2393"]
[Annotator "ChessBase"]
[PlyCount "80"]
[EventDate "2023.10.04"]
[EventType "swiss"]
[EventCountry "GBR"]
[SourceTitle "playchess.com"]
[Source "ChessBase"]
[SourceQuality "1"]
[TimeControl "40/6000+30:20/3000+30:900+30"]

1. d4 Nf6 2. c4 e6 3. Nf3 d5 4. g3 Be7 5. Bg2 O-O 6. O-O dxc4 7. Qc2 a6 8. a4 Bd7 9. Qxc4 Bc6 10. Bg5 Nbd7 11. Nc3 a5 12. Rfd1 h6 13. Bxf6 Nxf6 14. Ne5 Bxg2 15. Kxg2 c6 16. Qb3 Rb8 17. Rac1 Bb4 18. e3 Qe7 19. Nd3 Bd6 20. e4 e5 21. dxe5 Bxe5 22. Nxe5 Qxe5 23. f4 Qh5 24. h3 b5 25. axb5 cxb5 26. Qc2 Rfe8 27. e5 b4 28. Na4 g5 29. Rd2 gxf4 30. gxf4 Kh8 31. Qc6 Rg8+ 32. Kf2 Qh4+ 33. Ke2 Nh7 34. Rf1 Qxh3 35. Rf2 Rg3 36. Qe4 Qg4+ 37. Ke1 Ng5 38. Qc6 Rg1+ 39. Rf1 Nf3+ 40. Qxf3 Qxf3 0-1

[Event "FIDE Womens Grand Swiss 2023"]
[Site "Douglas/Isle of Man"]
[Date "2023.10.27"]
[Round "3.15"]
[White "Gunina, Valentina"]
[Black "Beydullayeva, Govhar"]
[Result "1/2-1/2"]
[ECO "D37"]
[WhiteElo "2439"]
[BlackElo "2383"]
[Annotator "ChessBase"]
[PlyCount "74"]
[EventDate "2023.10.04"]
[EventType "swiss"]
[EventCountry "GBR"]
[SourceTitle "playchess.com"]
[Source "ChessBase"]
[SourceQuality "1"]
[TimeControl "40/6000+30:20/3000+30:900+30"]

1. d4 Nf6 2. c4 e6 3. Nf3 d5 4. Nc3 Be7 5. Bf4 O-O 6. e3 Nbd7 7. c5 Nh5 8. Bd3 Nxf4 9. exf4 b6 10. b4 a5 11. a3 c6 12. O-O Ba6 13. Bxa6 Rxa6 14. Qe2 Qa8 15. Rab1 axb4 16. axb4 Ra3 17. Rfc1 Bf6 18. Qe1 bxc5 19. bxc5 Rb8 20. Ne2 h6 21. h3 Qa4 22. Rxb8+ Nxb8 23. f5 exf5 24. Ng3 Nd7 25. Nxf5 Nf8 26. Ne5 Ne6 27. Nxf7 Kxf7 28. Nd6+ Ke7 29. Rb1 Rb3 30. Ra1 Ra3 31. Rb1 Rb3 32. Rd1 Qb4 33. Nc8+ Kd7 34. Nb6+ Ke7 35. Nc8+ Kd7 36. Nb6+ Ke7 37. Nc8+ Kd7 1/2-1/2

[Event "FIDE Womens Grand Swiss 2023"]
[Site "Douglas/Isle of Man"]
[Date "2023.10.27"]
[Round "3.16"]
[White "Mkrtchyan, Mariam"]
[Black "Javakhishvili, Lela"]
[Result "0-1"]
[ECO "A04"]
[WhiteElo "2343"]
[BlackElo "2437"]
[Annotator "ChessBase"]
[PlyCount "184"]
[EventDate "2023.10.04"]
[EventType "swiss"]
[EventCountry "GBR"]
[SourceTitle "playchess.com"]
[Source "ChessBase"]
[SourceQuality "1"]
[TimeControl "40/6000+30:20/3000+30:900+30"]

1. d4 g6 2. Nf3 Bg7 3. g3 c5 4. c3 cxd4 5. cxd4 d5 6. Bg2 Nc6 7. Nc3 e6 8. O-O Nge7 9. Bg5 h6 10. Bxe7 Qxe7 11. e3 O-O 12. Rc1 Bd7 13. Ne1 Na5 14. Nd3 Rfc8 15. Qe2 b6 16. Rc2 Bc6 17. Rfc1 Bb7 18. Bf1 Nc4 19. Nb1 Na5 20. Qe1 Rxc2 21. Rxc2 Rc8 22. Rxc8+ Bxc8 23. Qc3 Bb7 24. Nd2 Qd6 25. f4 Qc6 26. Nb4 Qxc3 27. bxc3 Bf8 28. Bb5 Bd6 29. Kf2 Kf8 30. Ke2 Ke7 31. Kd3 g5 32. Kc2 f6 33. a4 Kf7 34. Bd3 Nc6 35. Nxc6 Bxc6 36. Kb3 Ke7 37. Bb5 Bb7 38. Be2 Bc6 39. Nf3 Be8 40. Nd2 Bf7 41. a5 bxa5 42. Ka4 Bg6 43. Kxa5 Ba3 44. Ka6 Bc1 45. Nf1 Be4 46. Kxa7 Bg2 47. fxg5 fxg5 48. g4 Bxf1 49. Bxf1 Bd2 50. Kb6 Kd6 51. Kb5 Bxc3 52. Bg2 Bd2 53. e4 Bc3 54. exd5 exd5 55. Ka4 Bxd4 56. Kb3 Ke5 57. Kc2 Bg1 58. h3 d4 59. Kd3 Kf4 60. Bf1 Kf3 61. Be2+ Kg3 62. Bf1 Kf2 63. Be2 Kg2 64. Ke4 Kxh3 65. Bf3 Be3 66. Be2 Kg3 67. Bd1 Kf2 68. Kd3 Ke1 69. Bf3 Bg1 70. Bc6 Kf2 71. Ba4 Kg3 72. Bd1 Kf4 73. Be2 Ke5 74. Bd1 Be3 75. Bf3 Bc1 76. Bc6 Ba3 77. Be8 Bf8 78. Bh5 Bb4 79. Be8 Bc3 80. Ba4 Kf4 81. Bd1 Bb2 82. Be2 Ke5 83. Bd1 Ba3 84. Ba4 Bc5 85. Kc4 Bf8 86. Be8 Ke4 87. Bg6+ Ke3 88. Bf5 Bg7 89. Bg6 h5 90. gxh5 g4 91. Bf5 g3 92. h6 g2 0-1

[Event "FIDE Womens Grand Swiss 2023"]
[Site "Douglas/Isle of Man"]
[Date "2023.10.27"]
[Round "3.17"]
[White "Savitha Shri B"]
[Black "Ushenina, Anna"]
[Result "1/2-1/2"]
[ECO "C70"]
[WhiteElo "2375"]
[BlackElo "2434"]
[Annotator "ChessBase"]
[PlyCount "77"]
[EventDate "2023.10.04"]
[EventType "swiss"]
[EventCountry "GBR"]
[SourceTitle "playchess.com"]
[Source "ChessBase"]
[SourceQuality "1"]
[TimeControl "40/6000+30:20/3000+30:900+30"]

1. e4 e5 2. Nf3 Nc6 3. Bb5 a6 4. Ba4 Bc5 5. d3 d6 6. c3 Bd7 7. O-O Nge7 8. b4 Ba7 9. Bb3 O-O 10. Na3 Ng6 11. Nc2 h6 12. Ne3 Kh8 13. d4 Nce7 14. dxe5 dxe5 15. Nc4 Nc6 16. Be3 b5 17. Nb2 Bxe3 18. fxe3 a5 19. a3 Qe7 20. Bd5 Ra7 21. Qb3 Nd8 22. Qc2 c6 23. Bb3 Be6 24. Nd3 Nb7 25. a4 axb4 26. cxb4 Bxb3 27. Qxb3 bxa4 28. Rxa4 Rxa4 29. Qxa4 Rd8 30. Qa6 c5 31. Nfxe5 Nxe5 32. Nxe5 Qxe5 33. Qxb7 cxb4 34. Qxb4 f6 35. Qc4 Re8 36. Rf4 Qa1+ 37. Rf1 Qe5 38. Rf4 Qa1+ 39. Rf1 1/2-1/2

[Event "FIDE Womens Grand Swiss 2023"]
[Site "Douglas/Isle of Man"]
[Date "2023.10.27"]
[Round "3.18"]
[White "Injac, Teodora"]
[Black "Aulia, Medina Warda"]
[Result "1-0"]
[ECO "E06"]
[WhiteElo "2426"]
[BlackElo "2362"]
[Annotator "ChessBase"]
[PlyCount "91"]
[EventDate "2023.10.04"]
[EventType "swiss"]
[EventCountry "GBR"]
[SourceTitle "playchess.com"]
[Source "ChessBase"]
[SourceQuality "1"]
[TimeControl "40/6000+30:20/3000+30:900+30"]

1. d4 d5 2. c4 e6 3. Nf3 Nf6 4. g3 Be7 5. Bg2 O-O 6. Nc3 dxc4 7. Ne5 Qd6 8. O-O Qa6 9. a4 Rd8 10. Nb5 Ne8 11. Qc2 Nd7 12. Qxc4 Nxe5 13. dxe5 Bd7 14. Be3 Bc6 15. Rfc1 Bxg2 16. Kxg2 c6 17. Nd6 Qxc4 18. Nxc4 Nc7 19. h4 h6 20. a5 Na6 21. Rd1 Rd5 22. Nd6 Rxe5 23. Nxb7 Rb5 24. Rd7 Bf6 25. Rc1 Rxb2 26. Nd6 c5 27. Ne4 Bd8 28. Nxc5 Nxc5 29. Rxc5 a6 30. Rd2 Rb5 31. Rxb5 axb5 32. a6 Ba5 33. Rd6 b4 34. a7 b3 35. Rd7 b2 36. Rb7 Bc3 37. Kf3 Kh7 38. Ke4 Rd8 39. f4 f5+ 40. Kf3 h5 41. Rb8 Kg6 42. Kg2 Bf6 43. Rxd8 Bxd8 44. a8=Q b1=Q 45. Qxd8 Qe1 46. Qg5+ 1-0

[Event "FIDE Womens Grand Swiss 2023"]
[Site "Douglas/Isle of Man"]
[Date "2023.10.27"]
[Round "3.19"]
[White "Munguntuul, Batkhuyag"]
[Black "Danielian, Elina"]
[Result "1-0"]
[ECO "C18"]
[WhiteElo "2366"]
[BlackElo "2416"]
[Annotator "ChessBase"]
[PlyCount "55"]
[EventDate "2023.10.04"]
[EventType "swiss"]
[EventCountry "GBR"]
[SourceTitle "playchess.com"]
[Source "ChessBase"]
[SourceQuality "1"]
[TimeControl "40/6000+30:20/3000+30:900+30"]

1. e4 e6 2. d4 d5 3. Nc3 Bb4 4. e5 c5 5. a3 Bxc3+ 6. bxc3 Qa5 7. Bd2 Qa4 8. Qg4 Kf8 9. Qd1 b6 10. dxc5 bxc5 11. Nf3 Ne7 12. Rb1 Ba6 13. Bxa6 Qxa6 14. Qe2 Qc6 15. O-O Nd7 16. Rb3 h6 17. Rfb1 Nb6 18. Rb5 Kg8 19. Be3 Na4 20. Qd3 g6 21. h4 Kg7 22. h5 Rad8 23. Rb7 Rd7 24. Rxd7 Qxd7 25. Qa6 Rc8 26. Rb7 Qe8 27. Rxe7 Qxe7 28. Qxc8 1-0

[Event "FIDE Womens Grand Swiss 2023"]
[Site "Douglas/Isle of Man"]
[Date "2023.10.27"]
[Round "3.20"]
[White "Matnadze Bujiashvili, Ann"]
[Black "Sandu, Mihaela"]
[Result "1/2-1/2"]
[ECO "E04"]
[WhiteElo "2400"]
[BlackElo "2298"]
[Annotator "ChessBase"]
[PlyCount "118"]
[EventDate "2023.10.04"]
[EventType "swiss"]
[EventCountry "GBR"]
[SourceTitle "playchess.com"]
[Source "ChessBase"]
[SourceQuality "1"]
[TimeControl "40/6000+30:20/3000+30:900+30"]

1. d4 Nf6 2. g3 e6 3. c4 d5 4. Bg2 Bb4+ 5. Bd2 a5 6. Nf3 dxc4 7. Qc2 c5 8. dxc5 Bxc5 9. Qxc4 b6 10. Ne5 Ra7 11. Qa4+ Nfd7 12. Nc3 O-O 13. Nd3 Bb7 14. Bxb7 Rxb7 15. Qe4 Rc7 16. O-O Nf6 17. Qg2 Nc6 18. Bf4 Rc8 19. Nxc5 bxc5 20. Rfd1 Qb6 21. b3 h6 22. Ne4 Nd5 23. Bd6 Rfd8 24. Bxc5 Qb5 25. Rac1 Qxe2 26. Rd2 Qa6 27. Rcd1 Ncb4 28. Bd4 Rc2 29. Qf3 Rxd2 30. Rxd2 Rc8 31. Nc5 Qc6 32. Qg4 e5 33. Bxe5 f6 34. Ne6 Qd7 35. Bxf6 Re8 36. Qxg7+ Qxg7 37. Bxg7 Rxe6 38. Bd4 h5 39. Kg2 Kf7 40. h3 Rc6 41. Re2 Rc2 42. Re5 Rd2 43. a3 Rxd4 44. axb4 axb4 45. Rxh5 Rd3 46. Rf5+ Ke6 47. Rf3 Rc3 48. h4 Nf6 49. Rf4 Nd5 50. Re4+ Kf5 51. Rd4 Ke5 52. Rg4 Rxb3 53. h5 Ra3 54. h6 Ra7 55. Rh4 Rh7 56. Rh1 Nc3 57. Rh4 Nd5 58. Rh1 Nc3 59. Rh4 Nd5 1/2-1/2

[Event "FIDE Womens Grand Swiss 2023"]
[Site "Douglas/Isle of Man"]
[Date "2023.10.27"]
[Round "3.21"]
[White "Terbe, Julianna"]
[Black "Cori T., Deysi"]
[Result "1/2-1/2"]
[ECO "A88"]
[WhiteElo "2266"]
[BlackElo "2367"]
[Annotator "ChessBase"]
[PlyCount "69"]
[EventDate "2023.10.04"]
[EventType "swiss"]
[EventCountry "GBR"]
[SourceTitle "playchess.com"]
[Source "ChessBase"]
[SourceQuality "1"]
[TimeControl "40/6000+30:20/3000+30:900+30"]

1. d4 f5 2. Nf3 Nf6 3. g3 g6 4. Bg2 Bg7 5. O-O O-O 6. c4 d6 7. Nc3 c6 8. Re1 Ne4 9. Qc2 Nxc3 10. bxc3 e5 11. dxe5 dxe5 12. Ba3 Re8 13. e4 Na6 14. Rad1 Qa5 15. Bd6 Be6 16. Nd2 Rad8 17. Nb3 Qa4 18. c5 b6 19. exf5 Bxf5 20. Be4 bxc5 21. Bxf5 gxf5 22. Qxf5 Qxa2 23. Qg4 Qxb3 24. Bxe5 Qf7 25. Rxd8 Rxd8 26. Bxg7 Qxg7 27. Qc4+ Kh8 28. Qxa6 Qxc3 29. Re3 Qd2 30. Qxa7 Qd1+ 31. Kg2 Qd5+ 32. Kg1 Qd1+ 33. Kg2 Qd5+ 34. Kg1 Qd1+ 35. Kg2 1/2-1/2

[Event "FIDE Womens Grand Swiss 2023"]
[Site "Douglas/Isle of Man"]
[Date "2023.10.27"]
[Round "3.22"]
[White "Socko, Monika"]
[Black "Vantika Agrawal"]
[Result "1/2-1/2"]
[ECO "B55"]
[WhiteElo "2380"]
[BlackElo "2435"]
[Annotator "ChessBase"]
[PlyCount "36"]
[EventDate "2023.10.04"]
[EventType "swiss"]
[EventCountry "GBR"]
[SourceTitle "playchess.com"]
[Source "ChessBase"]
[SourceQuality "1"]
[TimeControl "40/6000+30:20/3000+30:900+30"]

1. e4 c5 2. Nf3 d6 3. d4 cxd4 4. Nxd4 Nf6 5. f3 e5 6. Nb3 d5 7. Bg5 Be6 8. Bxf6 gxf6 9. exd5 Qxd5 10. Qxd5 Bxd5 11. Nc3 Be6 12. O-O-O Nc6 13. Bb5 Rc8 14. Nd5 f5 15. Nf6+ Ke7 16. Nd5+ Ke8 17. Nf6+ Ke7 18. Nd5+ Ke8 1/2-1/2

[Event "FIDE Womens Grand Swiss 2023"]
[Site "Douglas/Isle of Man"]
[Date "2023.10.27"]
[Round "3.23"]
[White "Nassr, Lina"]
[Black "Lee, Alice"]
[Result "0-1"]
[ECO "D31"]
[WhiteElo "2066"]
[BlackElo "2388"]
[Annotator "ChessBase"]
[PlyCount "170"]
[EventDate "2023.10.04"]
[EventType "swiss"]
[EventCountry "GBR"]
[SourceTitle "playchess.com"]
[Source "ChessBase"]
[SourceQuality "1"]
[TimeControl "40/6000+30:20/3000+30:900+30"]

1. d4 d5 2. c4 e6 3. cxd5 exd5 4. Nc3 c6 5. Qc2 Bd6 6. Nf3 Ne7 7. Bg5 h6 8. Bh4 Qc7 9. e3 Nf5 10. Bg3 Nxg3 11. hxg3 O-O 12. Bd3 Re8 13. O-O Nd7 14. Rac1 Qd8 15. a3 a5 16. Rb1 Nf6 17. Rfe1 Be6 18. Na4 Qe7 19. Nc5 Bxc5 20. dxc5 a4 21. b4 axb3 22. Rxb3 Ra5 23. Reb1 Bc8 24. Rc1 Bg4 25. Nd4 Rea8 26. Qb2 Bc8 27. Bf5 Rxc5 28. Rxc5 Qxc5 29. Bxc8 Rxc8 30. Rxb7 Qa5 31. Qb4 Qxb4 32. axb4 c5 33. bxc5 Rxc5 34. f3 h5 35. Kf2 g6 36. Ra7 Kf8 37. Rb7 Ra5 38. Nc6 Ra2+ 39. Kf1 Ne8 40. Ne5 Nd6 41. Rb8+ Ke7 42. Nc6+ Kd7 43. Nd4 Nc4 44. Rb7+ Ke8 45. Nc6 Nxe3+ 46. Kg1 Rxg2+ 47. Kh1 Re2 48. Re7+ Kf8 49. Kg1 Rg2+ 50. Kh1 Rc2 51. Rxe3 Rxc6 52. Rd3 Rd6 53. Kg2 Ke7 54. Kf2 Rd7 55. Ke3 Kd6 56. Kd4 Ra7 57. Rb3 Ra4+ 58. Kd3 Ke5 59. Rb7 Ra3+ 60. Ke2 Ra2+ 61. Ke3 d4+ 62. Kd3 Ra3+ 63. Ke2 Kf6 64. Rd7 Ra2+ 65. Kf1 Rd2 66. Ke1 Rg2 67. Rxd4 Rxg3 68. Rf4+ Ke6 69. Kf2 Rg5 70. Rb4 Kf6 71. Ra4 Rb5 72. Kg3 Kg5 73. Rd4 Rf5 74. f4+ Kh6 75. Rd6 Kg7 76. Rd7 h4+ 77. Kg4 h3 78. Kxh3 Rxf4 79. Kg3 Rc4 80. Rd5 Kh6 81. Kf3 f5 82. Rd3 g5 83. Kg3 Kh5 84. Ra3 f4+ 85. Kg2 g4 0-1

[Event "FIDE Womens Grand Swiss 2023"]
[Site "Douglas/Isle of Man"]
[Date "2023.10.27"]
[Round "3.24"]
[White "Kiolbasa, Oliwia"]
[Black "Gomez Barrera, Javiera Belen"]
[Result "1-0"]
[ECO "C50"]
[WhiteElo "2375"]
[BlackElo "2266"]
[Annotator "ChessBase"]
[PlyCount "109"]
[EventDate "2023.10.04"]
[EventType "swiss"]
[EventCountry "GBR"]
[SourceTitle "playchess.com"]
[Source "ChessBase"]
[SourceQuality "1"]
[TimeControl "40/6000+30:20/3000+30:900+30"]

1. e4 e5 2. Nf3 Nc6 3. Bc4 Bc5 4. d3 Nf6 5. Nc3 d6 6. a4 h6 7. Be3 Bb6 8. O-O Bg4 9. Nd5 Nxd5 10. Bxd5 O-O 11. h3 Be6 12. d4 exd4 13. Nxd4 Bxd5 14. exd5 Nxd4 15. Bxd4 Qh4 16. Bc3 a5 17. Qd2 Rfe8 18. b3 Qe4 19. Rae1 Qf5 20. Rxe8+ Rxe8 21. Bxa5 Bxa5 22. Qxa5 Qxc2 23. Qb5 Rb8 24. Re1 c6 25. Qb4 Qc5 26. Qxc5 dxc5 27. Rc1 b6 28. dxc6 Rc8 29. a5 Rxc6 30. a6 b5 31. a7 Ra6 32. Rxc5 Rxa7 33. Rxb5 Ra1+ 34. Kh2 Rb1 35. g4 g6 36. h4 Kg7 37. h5 gxh5 38. gxh5 Kf6 39. Kg3 Rb2 40. f3 Ke6 41. Kf4 Kf6 42. b4 Re2 43. Rc5 Rb2 44. b5 Rb4+ 45. Kg3 Ke6 46. f4 Kd6 47. Rc6+ Kd7 48. Rb6 Ke7 49. Kg4 Kf8 50. Kf5 Kg7 51. Ke5 Rb1 52. Kd6 Rh1 53. Rc6 Rxh5 54. b6 Rb5 55. Kc7 1-0

[Event "FIDE Womens Grand Swiss 2023"]
[Site "Douglas/Isle of Man"]
[Date "2023.10.27"]
[Round "3.25"]
[White "Arakhamia-Grant, Ketevan"]
[Black "Kanyamarala, Trisha"]
[Result "1-0"]
[ECO "B90"]
[WhiteElo "2297"]
[BlackElo "2184"]
[Annotator "ChessBase"]
[PlyCount "93"]
[EventDate "2023.10.04"]
[EventType "swiss"]
[EventCountry "GBR"]
[SourceTitle "playchess.com"]
[Source "ChessBase"]
[SourceQuality "1"]
[TimeControl "40/6000+30:20/3000+30:900+30"]

1. e4 c5 2. Nf3 d6 3. d4 cxd4 4. Nxd4 Nf6 5. Nc3 a6 6. Be3 e5 7. Nb3 Be6 8. f3 h5 9. Qd2 Nbd7 10. O-O-O Qc7 11. Kb1 b5 12. Nd5 Bxd5 13. exd5 Rc8 14. c4 Be7 15. cxb5 axb5 16. Rc1 Qb7 17. Rxc8+ Qxc8 18. Bxb5 O-O 19. Rc1 Qb8 20. Bc6 Bd8 21. Qd3 Bb6 22. Bxb6 Qxb6 23. Qb5 Qd8 24. a4 e4 25. a5 exf3 26. gxf3 Qe7 27. a6 Qe3 28. Rc3 Qg1+ 29. Ka2 Rb8 30. Qa5 Qa7 31. Bxd7 Qxd7 32. a7 Ra8 33. Rc7 Qf5 34. Rb7 Qc8 35. Qb5 Ne8 36. Na5 Qc2 37. Nc6 Kh7 38. Rxf7 Nf6 39. Rb7 Re8 40. Qb3 Qe2 41. Nb8 Qf1 42. Qc2+ Kh6 43. a8=Q Re1 44. Qd2+ g5 45. Qxe1 Qxe1 46. Nc6 g4 47. f4 1-0

[Event "FIDE Womens Grand Swiss 2023"]
[Site "Douglas/Isle of Man"]
[Date "2023.10.29"]
[Round "5.3"]
[White "Goryachkina, Aleksandra"]
[Black "Kamalidenova, Meruert"]
[Result "1-0"]
[ECO "B55"]
[WhiteElo "2558"]
[BlackElo "2351"]
[Annotator "TA"]
[PlyCount "71"]
[EventDate "2023.10.04"]
[EventType "swiss"]
[EventCountry "GBR"]
[SourceTitle "playchess.com"]
[Source "ChessBase"]
[SourceQuality "1"]
[TimeControl "40/6000+30:20/3000+30:900+30"]

1. e4 c5 2. Nf3 d6 3. d4 cxd4 4. Nxd4 Nf6 5. f3 e5 6. Nb3 a5 {[%emt 0:01:23] B55: Sicilian: 2...d6 3 d4 cxd4 4 Nxd4 Nf6 5 f3.} 7. a4 Be7 8. Bb5+ Nc6 {[%emt 0:01:29] The position is equal.} 9. c4 O-O 10. Be3 Be6 11. Nc3 Nb4 12. O-O {[%emt 0:09:18] [#]} Nh5 $146 ({Predecessor:} 12... Rc8 13. Qe2 Qc7 14. Rac1 Bxc4 15. Bxc4 Qxc4 16. Qxc4 Rxc4 17. Nxa5 Rc7 18. Rfd1 Ra8 {1-0 Jobava,B (2588)-Kamalidenova,M (2362) Cattolica Spring Mix 2022 (1)}) 13. g3 Bg5 14. Bf2 g6 15. Qe2 Qc7 16. Nc1 f5 17. exf5 Bxf5 18. Ne4 Bxe4 19. Qxe4 b6 (19... Nf6 $11 20. Qe2 Nd7) 20. Nd3 {[%emt 0:03:45] Nxb4 is the strong threat.} (20. Na2 {simplifies} Nf6 21. Qe2 Nxa2 22. Rxa2 Rf7 23. Raa1) 20... Bd2 {[%emt 0:03:35] [#]} (20... Nf6 $14 21. Qe2 Nxd3 22. Qxd3 Rac8) 21. c5 $1 $16 {[%emt 0:08:18][%mdl 64] Deflection} dxc5 {[%emt 0:09:46] This costs Black the game.} (21... bxc5 $16 22. Rad1 (22. Nxb4 Bxb4 23. Bc4+ Kg7 $11) 22... Bh6) 22. Nxe5 $18 Nf6 23. Qc4+ Kg7 24. Rad1 {[%emt 0:01:28] Strongly threatening f4.} Rad8 $2 {[%emt 0:06:28] [#]} (24... Qxe5 {was worth a try.} 25. Rxd2 Rad8) 25. f4 Rd5 26. Qe2 {[%emt 0:01:27] White is clearly winning.} Rfd8 27. Nc4 Bxf4 28. gxf4 Rxd1 29. Rxd1 Rxd1+ 30. Qxd1 Qxf4 31. Bg3 ({Don't take} 31. Nxb6 Ne4 $18) 31... Qe4 32. Nxb6 Ng4 33. Qd7+ Kh6 34. Qd2+ Kg7 35. Qf4 Qb1+ 36. Bf1 {[%emt 0:00:28] Weighted Error Value: White=0.12 (very precise) /Black=0.41} 1-0